 Dungeon Crawl Stone Soup version 0.30-a0-269-gf0224bf7b6 (webtiles) character file.

Game seed: 3754128213534792552

19111 Lobster4 the Arsonist (level 12, -6/91 HPs)
             Began as a Hill Orc Fire Elementalist on Oct 15, 2022.
             Was an Elder of Sif Muna.
             Mangled by an apocalypse crab (10 damage)
             ... on level 1 of the Abyss.
             The game lasted 01:15:33 (18809 turns).

Lobster4 the Arsonist (Hill Orc Fire Elementalist) Turns: 18809, Time: 01:15:33

Health: -6/91      AC: 12    Str: 14      XL:     12   Next: 65%
Magic:  4/20       EV: 17    Int: 16 (17) God:    Sif Muna [****..]
Gold:   966        SH:  5    Dex: 21      Spells: 9/22 levels left

rFire   . . .      SeeInvis .    b - +7 shortbow of the Slime-mould {flame, Fly rN+ Dex+4}
rCold   . . .      Faith    .    (shield currently unavailable)
rNeg    + + .      Spirit   .    x - +2 robe {Archmagi}
rPois   .          Reflect  +    (no helmet)
rElec   .          Harm     .    n - +2 cloak
rCorr   .          Rampage  .    t - +1 pair of gloves
Will    .....      Archmagi +    O - +1 pair of boots
Stlth   ++........               l - amulet of reflection
HPRegen 0.35/turn                m - +6 ring of dexterity
MPRegen 0.17/turn                g - ring of positive energy

@: agile, flying, hasted, very quick
A: no striking features
a: Renounce Religion, Channel Magic, Forget Spell, Divine Exegesis


You were on level 1 of the Abyss.
You worshipped Sif Muna.
Sif Muna was greatly pleased with you.
You visited 3 branches of the dungeon, and saw 14 of its levels.
You visited the Abyss 1 time.

You collected 1444 gold pieces.
You spent 478 gold pieces at shops.

Inventory:

Hand Weapons
 a - the +4 dagger "Morg" {pain, Will+ Int+5}
   (You found it on level 7 of the Dungeon)

   In the hands of one skilled in necromantic magic, it inflicts extra damage on
   living creatures.
   Int:       It affects your intelligence (+5).
   Will:      It increases your willpower.
 b - the +7 shortbow of the Slime-mould (weapon) {flame, Fly rN+ Dex+4}
   (You found it on level 9 of the Dungeon)

   Any ammunition fired from it burns those it strikes, dealing additional fire
   damage.
   Dex:       It affects your dexterity (+4).
   rN:        It protects you from negative energy.
   Fly:       It grants you flight.
 s - a +1 whip of venom
 u - a +0 vorpal hand axe
 G - the +1 dagger "Aptar" {venom, rElec rF+ Int+2}
   (You found it on level 6 of the Dungeon)

   It poisons the flesh of those it strikes.
   Int:       It affects your intelligence (+2).
   rF:        It protects you from fire.
   rElec:     It insulates you from electricity.
 J - a +2 whip of freezing
 K - a +0 war axe
Missiles
 d - 3 javelins
 j - 25 boomerangs
 r - 5 throwing nets
 w - 2 silver boomerangs
Armour
 h - +0 ice dragon scales
 n - a +2 cloak (worn)
 q - a +0 ring mail
 t - a +1 pair of gloves (worn)
 x - a +2 robe of the Archmagi (worn)
 L - a +0 troll leather armour
 O - a +1 pair of boots (worn)
 Q - +0 acid dragon scales
Jewellery
 e - a ring of protection from cold
 g - a ring of positive energy (right hand)
 k - a ring of ice
 l - an amulet of reflection (around neck)
 m - a +6 ring of dexterity (left hand)
 z - a ring of resist corrosion
Wands
 E - a wand of charming (5)
Scrolls
 o - 3 scrolls of enchant armour
 p - 2 scrolls of teleportation
 A - 3 scrolls of magic mapping
 B - a scroll of fear
 F - 3 scrolls of amnesia
 P - a scroll of brand weapon
Potions
 f - 2 potions of heal wounds
 i - a potion of curing
 v - 2 potions of might
 C - a potion of brilliance
 H - a potion of invisibility
 I - 2 potions of magic
 N - 2 potions of lignification


   Skills:
 - Level 4.0 Fighting
 - Level 2.7(3.0) Axes
 - Level 1.1(1.8) Maces & Flails
 + Level 5.8 Ranged Weapons
 - Level 6.0 Armour
 - Level 1.5 Dodging
 - Level 1.5 Stealth
 + Level 5.6 Spellcasting
 + Level 10.2 Conjurations
 - Level 3.0 Translocations
 + Level 11.5 Fire Magic
 - Level 2.0 Air Magic
 - Level 3.0 Earth Magic
 - Level 8.0 Invocations
 - Level 3.0 Evocations


You had 9 spell levels left.
You knew the following spells:

 Your Spells              Type           Power      Damage    Failure   Level
a - Foxfire               Conj/Fire      100%       2x1d9     1%          1
b - Scorch                Fire           100%       2d10      1%          2
c - Stone Arrow           Conj/Erth      76%        3d11      2%          3
d - Kindle Blastsparks    Fire/Tloc/Air  66%        2d15      4%          3
e - Flame Wave            Conj/Fire      56%        2d13      1%          4

Your spell library contained the following spells:

 Spells                   Type           Power      Damage    Failure   Level
 Kiss of Death            Conj/Necr      100%       2d13      1%          1
 Inner Flame              Hex/Fire       34%        N/A       4%          3
 Dazzling Flash           Conj/Hex       62%        N/A       5%          3
 Hailstorm                Conj/Ice       31%        3d8       5%          3
 Slow                     Hex            24%        N/A       14%         1
 Confusing Touch          Hex            6%         N/A       41%         3
 Vampiric Draining        Necr           6%         2d6       41%         3
 Animate Armour           Summ/Erth      26%        N/A       61%         4
 Dispel Undead            Necr           6%         3d8       82%         4
 Ice Form                 Ice/Tmut       6%         N/A       82%         4
 Silence                  Hex/Air        5%         N/A       95%         5
 Agony                    Necr           6%         N/A       99%         5
 Simulacrum               Ice/Necr       3%         N/A       100%        6
 Lehudib's Crystal Spear  Conj/Erth      19%        10d6      100%        8


Dungeon Overview and Level Annotations

Branches:
Dungeon (11/15)            Temple (1/1) D:6            Lair (0/5) D:11
    Orc (2/2) D:11            Elf (0/3) Orc:2

Altars:
Ashenzari
Cheibriados
Elyvilon
Fedhas
Gozag
Hepliaklqana
Kikubaaqudgha
Makhleb
Nemelex Xobeh
Okawaru
Qazlal
Ru
Sif Muna
Trog
Uskayaw
Vehumet
Wu Jian
Xom
Yredelemnul
Zin
Beogh

Shops:
D:3 :*   Orc:1 (   Orc:2 ((=!(

Annotations:
D:9 Harold
Orc:1 Erolcha


Message History

The small abomination suddenly stops moving!
The small abomination is engulfed in seething chaos.
The neqoxec is engulfed in seething chaos.
Fire: b) +7 shortbow of the Slime-mould {flame, Fly rN+ Dex+4}
Press: ? - help, Q - select action, (/) - cycle Shift-Dir - straight line, f/p - small abomination
Aim: a small abomination (heavily damaged, strong, unusually agile, paralysed, 98% to hit)
You shoot an arrow. The arrow hits the small abomination.
The arrow burns the small abomination.
The small abomination is severely damaged.
Fire: b) +7 shortbow of the Slime-mould {flame, Fly rN+ Dex+4}
Press: ? - help, Q - select action, (/) - cycle Shift-Dir - straight line, f/p - small abomination
Aim: a small abomination (severely damaged, strong, unusually agile, paralysed, 98% to hit)
You shoot an arrow. The arrow hits the small abomination.
The arrow burns the small abomination.
The small abomination is almost destroyed.
The neqoxec gestures at you.
Fire: b) +7 shortbow of the Slime-mould {flame, Fly rN+ Dex+4}
Press: ? - help, Q - select action, (/) - cycle Shift-Dir - straight line, f/p - small abomination
Aim: a small abomination (almost destroyed, strong, unusually agile, paralysed, 98% to hit)
You shoot an arrow.
The arrow hits the small abomination but does no damage.
The small abomination is almost destroyed.
You block something's attack. Something barely misses you.
Unknown command.
Fire: b) +7 shortbow of the Slime-mould {flame, Fly rN+ Dex+4}
Press: ? - help, Q - select action, (/) - cycle Shift-Dir - straight line, f/p - small abomination
Aim: a small abomination (almost destroyed, strong, unusually agile, paralysed, 98% to hit)
You shoot an arrow. The arrow hits the small abomination.
The arrow burns the small abomination.
You destroy the small abomination!
Sif Muna accepts your kill. Something closely misses you.
Fire: b) +7 shortbow of the Slime-mould {flame, Fly rN+ Dex+4}
Press: ? - help, Q - select action, (/) - cycle Shift-Dir - straight line, f - small abomination
Aim: a small abomination (77% to hit)
You shoot an arrow. Something bites you!
* * * LOW HITPOINT WARNING * * *
Something shocks you!
You die...

###. ...# .
. # ##.. #
#.#.#. #
#.§#.# #.#..
##§.##......
#{#{..#
#@#§§.# .
#.###..#
###.# ###
... ##. #. .
.#


There were no monsters in sight!

Vanquished Creatures
  A hydra (D:11)
  A boulder beetle (Orc:1)
  2 two-headed ogres
  Pikel (D:6)
  An ugly thing (Abyss:1)
  10 orc sorcerers
  A cyclops (D:10)
  An unseen horror (D:7)
  A komodo dragon (D:11)
  6 trolls
  Grinder (D:4)
  Sigmund (D:3)
  2 wraiths
  2 wyverns
  A shadow (D:11)
  8 yaks
  An unseen horror simulacrum (D:9)
  A steam dragon (D:8)
  4 wargs (Orc:2)
  2 acid dragons (D:11)
  A water moccasin (D:7)
  4 sky beasts
  13 orc warriors
  An ice beast (D:5)
  3 black bears
  6 centaurs
  6 ogres
  2 small abominations (Abyss:1)
  2 lemures
  A kobold brigand (D:10)
  3 bullfrogs
  A necrophage (D:4)
  2 gnoll sergeants
  3 scorpions
  6 killer bees (D:10)
  3 howler monkeys (D:11)
  A hound (D:4)
  A gnoll bouda (D:5)
  14 orc priests
  5 jellies
  Natasha (twice) (D:3)
  Ijyb (D:3)
  50 orc wizards
  18 gnolls
  9 adders
  A shadow imp (D:7)
  A white imp (D:8)
  3 ufetubi
  2 dart slugs (D:3)
  89 orcs
  6 endoplasms
  3 giant cockroaches
  8 goblins
  7 hobgoblins
  5 jackals (D:4)
  6 kobolds
  2 quokkas
  A ball python (D:1)
  6 bats
  4 frilled lizards
  5 rats
355 creatures vanquished.

Vanquished Creatures (others)
  1384 foxfires
  43 plants (D:11)
1427 creatures vanquished.

Grand Total: 1782 creatures vanquished

Notes
Turn   | Place    | Note
-------+----------+-------------------------------------------
     0 | D:1      | Lobster4 the Hill Orc Fire Elementalist began the quest for
                  | the Orb.
     0 | D:1      | Reached XP level 1. HP: 14/14 MP: 3/3
   233 | D:1      | Reached XP level 2. HP: 22/22 MP: 2/4
   470 | D:1      | Learned a level 2 spell: Scorch
   571 | D:2      | Reached skill level 1 in Fighting
   689 | D:2      | Reached XP level 3. HP: 28/28 MP: 1/5
   726 | D:2      | Reached skill level 1 in Armour
  1082 | D:1      | Reached skill level 1 in Maces & Flails
  1082 | D:1      | Reached XP level 4. HP: 29/35 MP: 2/7
  1525 | D:3      | Noticed Ijyb
  1676 | D:3      | Noticed Sigmund
  1688 | D:3      | Killed Sigmund
  1689 | D:3      | Reached skill level 4 in Fire Magic
  1689 | D:3      | Reached XP level 5. HP: 33/42 MP: 8/8
  1689 | D:3      | Reached XP level 6. HP: 39/50 MP: 9/9
  2278 | D:3      | Found a snail-covered altar of Cheibriados.
  2511 | D:3      | Found Utos Nou's Vocational Training.
  2597 | D:3      | Noticed Natasha
  2601 | D:3      | Killed Natasha
  2719 | D:3      | Noticed Natasha
  2876 | D:3      | Found Emiul's General Store.
  2884 | D:3      | Bought a +0 pair of gloves for 58 gold pieces
  2884 | D:3      | Bought a potion of might for 52 gold pieces
  2971 | D:3      | Killed Ijyb
  3041 | D:3      | Killed Natasha
  3042 | D:3      | Reached XP level 7. HP: 57/57 MP: 6/11
  3832 | D:4      | Noticed Grinder
  3838 | D:4      | Killed Grinder
  3839 | D:4      | Reached skill level 5 in Fire Magic
  3940 | D:4      | Found an ornate altar of the Wu Jian Council.
  4251 | D:4      | Found an opulent altar of Gozag.
  4259 | D:4      | Reached XP level 8. HP: 66/66 MP: 7/13
  4628 | D:5      | Entered Level 5 of the Dungeon
  4628 | D:5      | Found a sacrificial altar of Ru.
  5229 | D:5      | Reached skill level 6 in Fire Magic
  5524 | D:5      | Reached skill level 5 in Conjurations
  5907 | D:5      | Reached skill level 1 in Evocations
  5972 | D:6      | Reached XP level 9. HP: 56/71 MP: 1/15
  6229 | D:6      | Found a sparkling altar of Nemelex Xobeh.
  6316 | D:6      | Found a staircase to the Ecumenical Temple.
  6320 | D:6      | Identified the +1 dagger "Aptar" {venom, rElec rF+ Int+2}
  6325 | Temple   | Entered the Ecumenical Temple
  6375 | Temple   | Became a worshipper of Sif Muna the Loreminder
  6421 | D:6      | Noticed Pikel
  6584 | D:6      | Killed Pikel
  6585 | D:6      | Reached skill level 7 in Fire Magic
  7256 | D:7      | Found the +4 dagger "Morg" {pain, Will+ Int+5}
  7460 | D:7      | Found a bloodstained altar of Trog.
  7528 | D:7      | Reached skill level 5 in Spellcasting
  7583 | D:7      | Reached skill level 1 in Invocations
  7863 | D:7      | Reached * piety under Sif Muna
  7963 | D:7      | Killed an unseen horror
  7964 | D:7      | Reached skill level 5 in Armour
  8129 | D:7      | Learned a level 3 spell: Stone Arrow
  8247 | D:7      | Found a blossoming altar of Fedhas.
  8252 | D:7      | Reached skill level 8 in Fire Magic
  8252 | D:7      | Reached skill level 1 in Earth Magic
  8252 | D:7      | Reached XP level 10. HP: 78/78 MP: 11/17
  8820 | D:8      | Learned a level 3 spell: Kindle Blastsparks
  9570 | D:9      | Reached skill level 1 in Translocations
  9637 | D:9      | Reached skill level 1 in Air Magic
  9914 | D:9      | Identified the +7 shortbow of the Slime-mould {flame, Fly
                  | rN+ Dex+4}
 10040 | D:9      | Noticed Harold
 10373 | D:8      | Reached skill level 1 in Ranged Weapons
 10810 | D:9      | Found a radiant altar of Vehumet.
 11325 | D:10     | Entered Level 10 of the Dungeon
 11348 | D:10     | Noticed a cyclops
 11456 | D:10     | Reached skill level 9 in Fire Magic
 11640 | D:10     | Reached ** piety under Sif Muna
 12251 | D:10     | Killed a cyclops
 12252 | D:10     | Reached skill level 5 in Invocations
 12252 | D:10     | Reached XP level 11. HP: 31/84 MP: 1/18
 12706 | D:10     | Found a glowing silver altar of Zin.
 12781 | D:11     | Noticed an eight-headed hydra
 12781 | D:11     | Noticed a two-headed ogre
 12894 | D:11     | Noticed a skeletal warrior
 12895 | D:11     | Noticed a skeletal warrior
 12905 | D:11     | Noticed a skeletal warrior
 12984 | D:11     | Killed a two-headed ogre
 13277 | D:11     | Learned a level 4 spell: Flame Wave
 13317 | D:11     | Found a staircase to the Orcish Mines.
 13741 | D:11     | Killed an eight-headed hydra
 14196 | D:11     | Reached skill level 10 in Fire Magic
 14275 | D:11     | Noticed a two-headed ogre
 14294 | D:10     | Killed a two-headed ogre
 14472 | D:11     | Found a staircase to the Lair.
 14526 | D:11     | Noticed a skeletal warrior
 14791 | Orc:1    | Entered Level 1 of the Orcish Mines
 14794 | Orc:1    | Noticed an orc sorcerer
 14797 | Orc:1    | Killed an orc sorcerer
 14848 | Orc:2    | Entered Level 2 of the Orcish Mines
 14958 | Orc:2    | Found a staircase to the Elven Halls.
 15302 | Orc:2    | Found Xutwypp's Weapon Emporium.
 15358 | Orc:1    | Reached *** piety under Sif Muna
 15669 | Orc:2    | Noticed an orc sorcerer
 15676 | Orc:2    | Killed an orc sorcerer
 15906 | Orc:2    | Noticed an orc sorcerer
 15933 | Orc:2    | Killed an orc sorcerer
 16085 | Orc:2    | Reached XP level 12. HP: 91/91 MP: 14/19
 16357 | Orc:2    | Paralysed by an orc sorcerer for 2 turns
 16359 | Orc:2    | Noticed a boulder beetle
 16362 | Orc:2    | Noticed a soul eater
 16573 | Orc:2    | Reached skill level 11 in Fire Magic
 16737 | Orc:1    | Killed a boulder beetle
 16738 | Orc:1    | Reached skill level 5 in Ranged Weapons
 17042 | Orc:2    | Found a roughly hewn altar of Beogh.
 17059 | Orc:2    | Found Qenib's Antique Weapon Shop.
 17059 | Orc:2    | Found Jewovoe's Jewellery Shoppe.
 17352 | Orc:2    | Paralysed by an orc sorcerer for 2 turns
 17408 | Orc:2    | Paralysed by an orc sorcerer for 2 turns
 17411 | Orc:2    | Paralysed by an orc sorcerer for 2 turns
 17573 | Orc:2    | Reached skill level 10 in Conjurations
 17710 | Orc:2    | Found Gutueseh's Distillery.
 17710 | Orc:2    | Found Roistei's Antique Weapon Shoppe.
 17817 | Orc:2    | Bought a potion of haste for 160 gold pieces
 17817 | Orc:2    | Bought a potion of heal wounds for 80 gold pieces
 17817 | Orc:2    | Bought a potion of invisibility for 128 gold pieces
 17878 | Orc:1    | Reached **** piety under Sif Muna
 18446 | Orc:1    | Found Loruetwea's Weapon Shop.
 18758 | Orc:1    | Noticed Erolcha
 18759 | Abyss:1  | Found a corrupted altar of Lugonu.
 18759 | Abyss:1  | Cast into level 1 of the Abyss (Erolcha)
 18787 | Abyss:1  | Noticed a purple very ugly thing
 18809 | Abyss:1  | HP: 4/91 [something (7)]
 18809 | Abyss:1  | Mangled by an apocalypse crab

Illustrated notes

Levels and vault maps discovered:
D:1:      nicolae_arrival_memento_mori, layout_rooms
D:2:      layout_rooms
D:3:      layout_basic, old_standard_altar, serial_shops, nicolae_diamond_shop,
          nicolae_shop_vocational, uniq_ijyb, uniq_sigmund, uniq_natasha
D:4:      layout_basic, nzn_wu_jian_contemplation, lemuel_round_altar,
          uniq_grinder
D:5:      layout_cave_pools, amcnicky_altar_gilded, minmay_misc_feat_pillars,
          st_stairs_9
D:6:      layout_basic, mainiacjoe_overflow_tiny_flanked,
          minmay_temple_entry_junction, uniq_pikel
D:7:      layout_loops_cross, fedhas_altar_fruit_tree,
          trog_three_pillars_becter, hangedman_abyss_or_decor_stagger
D:8:      layout_gridville, minivault_19
D:9:      layout_long_grid, nicolae_vehumet_radiance, kennysheep_cluttered_room,
          kennysheep_just_a_vault, uniq_harold
D:10:     layout_roguey, general_overflow_altar
D:11:     layout_basic, david_lair_shrubbed, orc_0_dummy, serial_shops,
          nicolae_shop_window_shopping
Temple:   nicolae_temple_bog_church
Orc:1:    layout_diamond_mine, serial_shops, nicolae_shop_stone, uniq_erolcha
Orc:2:    st_orc_town, layout_caves, serial_shops, shop, rock_pile
Abyss:1:  base: D:5, hangedman_abyss_stitches_cave

Skill      XL: |  1  2  3  4  5  6  7  8  9 10 11 12 |
---------------+-------------------------------------+-----
Fighting       | 1 2 3 4 |  4.0
Armour         | 1 2 3 5 6 |  6.0
Maces & Flails | 1 |  1.1
Spellcasting   | 2 3 4 5 |  5.6
Conjurations   | 2 3 5 6 7 9 10 | 10.2
Axes           | 2 |  2.7
Fire Magic     | 4 5 6 8 9 10 11 | 11.5
Evocations     | 1 3 |  3.0
Invocations    | 3 5 6 8 |  8.0
Earth Magic    | 1 3 |  3.0
Translocations | 2 3 |  3.0
Air Magic      | 2 |  2.0
Ranged Weapons | 2 4 5 |  5.8
Dodging        | |  1.5
Stealth        | |  1.5

Action                   |  1- 3 |  4- 6 |  7- 9 | 10-12 || total
-------------------------+-------+-------+-------+-------++-------
Melee: Spear             |     2 |       |       |       ||     2
       Mace              |    12 |     1 |       |       ||    13
       Hand axe          |       |    28 |    66 |    65 ||   159
 Fire: Shortbow          |       |       |       |    97 ||    97
Throw: Throwing net      |       |       |       |     1 ||     1
 Cast: Foxfire           |    43 |    43 |   229 |   501 ||   816
       Scorch            |       |    16 |    55 |   131 ||   202
       Kindle Blastspark |       |       |       |     4 ||     4
       Stone Arrow       |       |       |       |    22 ||    22
       Flame Wave        |       |       |       |     8 ||     8
Evoke: Wand              |       |       |       |     8 ||     8
  Use: Scroll            |       |     5 |     5 |    11 ||    21
       Potion            |       |     4 |     3 |     9 ||    16
 Stab: Sleeping          |     1 |     1 |       |       ||     2
Armor: Leather armour    |    10 |    11 |       |       ||    21
       Ring mail         |       |    14 |    83 |   110 ||   207
       Acid dragon scale |       |       |       |     8 ||     8
       Troll leather arm |       |       |       |    13 ||    13
       Robe              |       |       |       |    28 ||    28
Dodge: Dodged            |    15 |    25 |   106 |   182 ||   328
Block: Other             |     3 |    15 |    52 |    81 ||   151
       Reflection        |       |     2 |     1 |     6 ||     9

Table legend: (Time is in decaauts)
 A = Elapsed time spent in this place.
 B = Non-inter-level travel time spent in this place.
 C = Inter-level travel time spent in this place.
 D = Time resting spent in this place.
 E = Time spent auto-exploring this place.
 F = Levels seen in this place.
 G = Mean time per level.
                   A        B        C        D        E       F      G
               +--------+--------+--------+--------+--------+-----+--------+
         Total |  18884 |  17643 |   1241 |   5309 |   7701 |  15 | 1258.9 |
       Dungeon |  14783 |  13693 |   1090 |   3657 |   6756 |  11 | 1343.9 |
        Temple |     73 |     53 |     20 |      0 |     41 |   1 |   73.0 |
  Orcish Mines |   3976 |   3845 |    131 |   1652 |    904 |   2 | 1988.0 |
         Abyss |     51 |     51 |      0 |      0 |      0 |   1 |   51.0 |
               +--------+--------+--------+--------+--------+-----+--------+

Top non-repeatable levels by time:
   Orc:2: 2939 daAuts
    D:10: 2317 daAuts
     D:3: 1868 daAuts
     D:4: 1529 daAuts
     D:8: 1467 daAuts
     D:9: 1287 daAuts
     D:7: 1214 daAuts
     D:6: 1191 daAuts
    D:11: 1180 daAuts
     D:5: 1122 daAuts
   Orc:1: 1036 daAuts
     D:2: 895 daAuts
     D:1: 709 daAuts
  Temple: 73 daAuts
 Abyss:1: 51 daAuts
